 Dungeon Crawl Stone Soup version 0.18-b1-16-g289874d (webtiles) character file.

359 rezek the Skirmisher (level 6, 0/45 HPs)
             Began as an Octopode Fighter on May 1, 2016.
             Killed from afar by an orc wizard (10 damage)
             ... with a puff of flame
             ... on level 4 of the Dungeon on May 2, 2016.
             The game lasted 00:26:24 (3417 turns).

rezek the Skirmisher (Octopode Fighter)             Turns: 3417, Time: 00:26:25

Health: 0/45       AC:  1    Str: 16    XL:     6   Next: 65%
Magic:  6/6        EV: 10    Int: 10    God:
Gold:   177        SH:  9    Dex: 11    Spells: 0 memorised, 5 levels left

rFire  . . .     SeeInvis .     a - +0 long sword
rCold  . . .     Gourm    .     b - +1 shield
rNeg   + . .     Faith    .     (helmet restricted)
rPois  .         Spirit   .     (no amulet)
rElec  .         Dismiss  .     g - -2 ring of dexterity (curse)
rCorr  .         Reflect  .     v - ring of positive energy
SustAt .         Harm     .     (no ring)
MR     .....                    (no ring)
Stlth  ++........               (no ring)
                                (no ring)
                                (no ring)
                                (no ring)

@: not resistant to hostile enchantments, unstealthy
A: almost no armour, amphibious, 8 rings, constrict 8, camouflage 1, gelatinous
body 1
a: no special abilities


You were on level 4 of the Dungeon.
You were not hungry.

You visited 1 branch of the dungeon, and saw 4 of its levels.

You collected 177 gold pieces.

Inventory:

Hand Weapons
 a - a +0 long sword (weapon)
Missiles
 e - 33 poisoned needles
Armour
 b - a +1 shield (worn)
Jewellery
 g - a cursed -2 ring of dexterity (left tentacle)
 i - an uncursed ring of fire
 v - a ring of positive energy (right tentacle)
Scrolls
 h - 6 scrolls of fear
Potions
 c - a potion of might
 k - a potion of invisibility
 l - a potion of brilliance {unknown}
 m - a potion of magic {unknown}
 s - a potion of haste {unknown}
 t - a potion of mutation {unknown}
 w - a potion of resistance {unknown}
Comestibles
 d - 4 bread rations
 f - 11 chunks of flesh
 n - 7 fruits
 p - a royal jelly
 q - 2 meat rations
 r - a slice of pizza


   Skills:
 * Level 5.2 Fighting
 * Level 5.2 Long Blades
 - Level 3.0 Dodging
 + Level 3.0 Shields


You had 5 spell levels left.
You didn't know any spells.

Dungeon Overview and Level Annotations

Branches:
Dungeon (4/15)
 Temple: D:4-7

Altars:
Ashenzari
Elyvilon
Gozag
Ru
Vehumet

Annotations:
D:3 barb4r1an's ghost, amateur GrFi


Innate Abilities, Weirdness & Mutations

You cannot wear most types of armour.
You are amphibious.
You can wear up to eight rings at the same time.
You can use your tentacles to constrict eight enemies at once.
Your skin changes colour to match your surroundings (Stealth).
Your rubbery body absorbs attacks (AC +1).


Message History

You constrict the orc priest, but do no damage.
The orc wizard casts a spell.
The orc wizard flickers and vanishes!
Deactivating autopickup; reactivate with Ctrl-A.
The orc priest hits you with a falchion!
The orc barely misses you.
You slash the orc priest!
The orc priest is severely wounded.
You constrict the orc priest. The orc priest barely misses you.
The orc hits you but does no damage.
The orc priest hits you with a falchion!
You hit the orc priest but do no damage.
The orc priest is almost dead.
You constrict the orc priest.
You kill the orc priest!
The orc hits you with a mace!
* * * LOW HITPOINT WARNING * * *
A puff of flame appears from out of thin air!
The puff of flame hits you!
You die...

#########
###.o...... ###
###..@)......
#.#####...#####..##
##..##..###
##....## #....##
#.รท...# ##....#
##.##..# #..# #..#


You could see an orc.

Vanquished Creatures
  Crazy Yiuf (D:3)
  A centaur skeleton (D:3)
  2 orc priests
  An iguana (D:4)
  A gnoll (D:1)
  12 adders
  5 worms
  2 dart slugs (D:3)
  2 giant geckos
  5 orcs (D:3)
  5 bats
  5 giant cockroaches
  8 goblins
  5 hobgoblins
  9 jackals
  2 ball pythons
  5 giant newts
  10 kobolds
  5 rats
86 creatures vanquished.

Notes
Turn   | Place    | Note
--------------------------------------------------------------
     0 | D:1      | rezek the Octopode Fighter began the quest for the Orb.
     0 | D:1      | Reached XP level 1. HP: 16/16 MP: 1/1
   192 | D:1      | Reached XP level 2. HP: 20/21 MP: 2/2
   389 | D:1      | Reached XP level 3. HP: 27/27 MP: 3/3
   641 | D:1      | You fall through a shaft!
   783 | D:2      | Reached XP level 4. HP: 20/33 MP: 4/4
  1173 | D:2      | Found an opulent altar of Gozag.
  1210 | D:2      | Found a sacrificial altar of Ru.
  1460 | D:2      | Found a radiant altar of Vehumet.
  1460 | D:2      | Found a white marble altar of Elyvilon.
  1621 | D:2      | Reached XP level 5. HP: 23/38 MP: 5/5
  1877 | D:3      | Found a shattered altar of Ashenzari.
  2602 | D:3      | Noticed Crazy Yiuf
  2610 | D:3      | Killed Crazy Yiuf
  2610 | D:3      | Reached XP level 6. HP: 33/45 MP: 6/6
  2650 | D:3      | Reached skill level 5 in Fighting
  2672 | D:3      | Noticed barb4r1an's ghost (amateur GrFi)
  3252 | D:3      | Reached skill level 5 in Long Blades
  3417 | D:4      | Killed from afar by an orc wizard

Skill      XL: |  1  2  3  4  5  6 |
---------------+-------------------+-----
Long Blades    | 3 4 5 |  5.2
Fighting       | 4 5 |  5.2
Dodging        | |  3.0
Shields        | |  3.0

Action                   |  1- 3 |  4- 6 || total
-------------------------+-------+-------++-------
Melee: Long sword        |    53 |   124 ||   177
       Constrict         |    16 |    33 ||    49
       Tentacles         |     8 |    24 ||    32
  Use: Potion            |     3 |       ||     3
       Scroll            |       |     6 ||     6
 Stab: Sleeping          |     8 |    13 ||    21
       Distracted        |     1 |       ||     1
  Eat: Chunk             |       |     8 ||     8
Armor: Skin              |    10 |     7 ||    17
Dodge: Dodged            |    23 |    31 ||    54
Block: Shield            |    31 |    41 ||    72
